 Dungeon Crawl Stone Soup version 0.28.0 (webtiles) character file.

Game seed: 908427874113687076

13 Host24 the Bolt Thrower (level 2, -5/19 HPs)
             Began as a Kobold Hunter on Mar 5, 2022.
             Killed from afar by an orc wizard (11 damage)
             ... with a puff of flame
             ... on level 2 of the Dungeon.
             The game lasted 00:01:36 (960 turns).

Host24 the Bolt Thrower (Kobold Hunter)              Turns: 960, Time: 00:01:37

Health: -5/19      AC:  3    Str:  9    XL:     2   Next: 50%
Magic:  2/2        EV: 14    Int: 12    God:
Gold:   90         SH:  0    Dex: 15    Spells: 1/1 levels left

rFire   . . .      SeeInvis .   b - +0 short sword
rCold   . . .      Faith    .   (no shield)
rNeg    . . .      Spirit   .   c - +0 leather armour
rPois   .          Reflect  .   (no helmet)
rElec   .          Harm     .   (no cloak)
rCorr   .          Rampage  .   (no gloves)
Will    .....                   (no boots)
Stlth   ++........              (no amulet)
HPRegen 0.06/turn               (no ring)
MPRegen 0.08/turn               (no ring)

@: confused
A: small, no large weapons, nightstalker 3
a: no special abilities


You were on level 2 of the Dungeon.
You visited 1 branch of the dungeon, and saw 2 of its levels.

You collected 90 gold pieces.

Inventory:

Hand Weapons
 a - a +1 hand crossbow
 b - a +0 short sword (weapon)
Missiles
 d - 14 bolts
 h - 29 stones (quivered)
Armour
 c - a +0 leather armour (worn)
Scrolls
 g - a scroll of amnesia {unknown}
 i - a scroll of blinking {unknown}
Potions
 e - a potion of curing {unknown}
 f - a potion of berserk rage {unknown}


   Skills:
 - Level 3.0 Fighting
 - Level 5.0 Crossbows
 + Level 2.6 Dodging
 - Level 1.3 Stealth


You had one spell level left.
You didn't know any spells.
Your spell library was empty.

Dungeon Overview and Level Annotations

Branches:
Dungeon (1/15)

Altars:


Innate Abilities, Weirdness & Mutations

You are small and have problems with some larger weapons.
You are completely attuned to the shadows.


Message History

You shoot a bolt.
The bolt hits the orc wizard but does no damage.
Unknown command.
Fire: 18 bolts
Press: ? - help, Q - select action, (/) - cycle Shift-Dir - straight line, f/p - orc wizard
Aim: an orc wizard, wielding a +0 dagger and wearing a +0 robe (60% to hit)
You shoot a bolt. The bolt misses the orc wizard.
The orc wizard points at you and mumbles some strange words.
You resist with significant effort.
The orc wizard hits you with a +0 dagger.
Fire: 17 bolts
Press: ? - help, Q - select action, (/) - cycle Shift-Dir - straight line, f/p - orc wizard
Aim: an orc wizard, wielding a +0 dagger and wearing a +0 robe (60% to hit)
You shoot a bolt. The bolt hits the orc wizard.
The orc wizard is moderately wounded.
The orc wizard closely misses you.
Fire: 16 bolts
Press: ? - help, Q - select action, (/) - cycle Shift-Dir - straight line, f/p - orc wizard
Aim: an orc wizard, wielding a +0 dagger and wearing a +0 robe (moderately wounded, 60% to hit)
You shoot a bolt. The bolt hits the orc wizard.
The orc wizard is heavily wounded.
The orc wizard points at you and mumbles some strange words.
You are confused.
Non-targeted confused fire: 15 bolts
Press: ? - help, Q - select action, (/) - cycle Dir - look around, f - activate You shoot a bolt.
The orc wizard gestures at you while chanting.
The puff of flame hits you.
The orc wizard hits you with a +0 dagger.
b - a +0 short sword (weapon)
An orc comes into view. It is wielding a +0 hand axe.
The orc shouts!
You hear a shout! x2
An orc comes into view. It is wielding a +0 hand axe.
The orc wizard hits you with a +0 dagger.
You bump into the rock wall.
The orc wizard misses you.
You're too confused to move!
The orc wizard gestures at you while chanting.
The puff of flame hits you!
Ouch! That really hurt!
You die...

#.# #.# #.# .... #.#
#..### #.# #....# #
#.#####....#
..######.##.......#
#o(oo....(..#.##### ..#
###@..#.####.# .≈.####
#.###..###.####### ≈#≈...
...# #.............
..≈...######
#.##†......... .≈#≈...#..#
####.##..###.....
..≈..≈.##.####........#
#.....
.≈#≈...≈#≈##.........###.#
######
..≈..≈..≈......)###..# #.#
≈...≈#≈..######## ##... .#


You could see an orc wizard and 2 orcs.

Vanquished Creatures
  3 bats
  An endoplasm (D:2)
  2 hobgoblins (D:1)
  A quokka (D:1)
  2 ball pythons
  2 frilled lizards
  2 kobolds (D:1)
  A rat (D:1)
14 creatures vanquished.

Notes
Turn   | Place    | Note
-------+----------+-------------------------------------------
     0 | D:1      | Host24 the Kobold Hunter began the quest for the Orb.
     0 | D:1      | Reached XP level 1. HP: 12/12 MP: 1/1
    47 | D:1      | Reached skill level 5 in Crossbows
   501 | D:1      | Reached XP level 2. HP: 18/18 MP: 2/2
   849 | D:1      | You fall into a shaft and drop 1 floor!
   960 | D:2      | Killed from afar by an orc wizard

Illustrated notes

Levels and vault maps discovered:
D:1:      lordsloth_arrival_two_stooges, layout_basic
D:2:      layout_rooms, kennysheep_doodads

Skill      XL: |  1  2 |
---------------+-------+-----
Crossbows      | 5 |  5.0
Fighting       | 3 |  3.0
Dodging        | |  2.6
Stealth        | |  1.3

Action                   || total
-------------------------++-------
Melee: Short sword       ||    33
 Fire: Hand crossbow     ||     6
 Stab: Sleeping          ||     6
Armor: Leather armour    ||     7
Dodge: Dodged            ||    21
